 Dungeon Sprint DCSS version 0.24-a0-246-gb963c9a (webtiles) character file.

Game seed: 12726321200672433498

255 MikeHunt the Thrower (level 6, 0/75 HPs)
             Began as an Ogre Hunter on Apr 12, 2019.
             Slain by a human (12 damage)
             ... in the Dungeon (Sprint III: "The Ten Rune Challenge").
             The game lasted 00:02:52 (531 turns).

MikeHunt the Thrower (Ogre Hunter)                   Turns: 531, Time: 00:02:53

Health: 0/75       AC:  3    Str: 17    XL:     6   Next: 15%
Magic:  6/6        EV: 12    Int: 12    God:
Gold:   13         SH:  0    Dex: 13    Spells: 5/5 levels left

rFire    . . .     SeeInvis .   a - +0 short sword
rCold    . . .     Gourm    .   (no shield)
rNeg     . . .     Faith    .   b - +0 robe
rPois    .         Spirit   .   (helmet restricted)
rElec    .         Reflect  .   (no cloak)
rCorr    .         Harm     .   (gloves unavailable)
MR       .....     NoTele   +   (boots unavailable)
Stlth    +.........             (no amulet)
HPRegen  0.22/turn              (no ring)
MPRegen  0.10/turn              (no ring)

@: berserk cooldown, slowed, very slow
A: large, unfitting armour, antennae 1, claws 1, agile 1, blurry vision 1, tough
skin 1
a: no special abilities


You were in the Dungeon.
You were not hungry.

You visited 1 branch You collected 13 gold pieces.

Inventory:

Hand Weapons
 a - a +0 short sword (weapon)
 l - a +0 club
Missiles
 c - 2 large rocks (quivered)
 d - a throwing net
Armour
 b - a +0 robe (worn)
Scrolls
 k - a scroll of blinking
 m - 4 scrolls of identify
 p - 2 scrolls of immolation {unknown}
 q - 2 scrolls of remove curse {unknown}
Potions
 e - 2 potions of curing
 h - a potion of haste
 i - 2 potions of magic
 o - 2 potions of mutation
 r - a potion of flight {unknown}
 s - a potion of resistance {unknown}
Comestibles
 f - 3 rations


   Skills:
 - Level 9.1 Fighting
 + Level 9.6 Throwing
 + Level 5.3 Dodging
 - Level 0.6 Stealth


You had 5 spell levels left.
You didn't know any spells.
Your spell library was empty.

Dungeon Overview and Level Annotations

Branches:
Dungeon (1/1)

Altars:
Okawaru
Trog
Uskayaw
Wu Jian
Beogh


Innate Abilities, Weirdness & Mutations

You are too large for most types of armour.
You have tough skin. (AC +1)
You have a pair of small antennae on your head.
You have sharp fingernails.
You are agile. (Dex +2)
Scrolls take you a little longer to read.


Message History

The human is lightly wounded.
The human struggles against the net. x2
You hit the human.
The human is moderately wounded.
The human struggles against the net. x2
You hit the human.
The human is heavily wounded.
The human struggles against the net.
The net rips apart, and the human comes free!
The human hits you!
* * * LOW HITPOINT WARNING * * *
You feel much better.
The human closely misses you. x2; The human hits you!
* * * LOW HITPOINT WARNING * * *
The human closely misses you. The human hits you.
* * * LOW HITPOINT WARNING * * *
There is an open door here.
You see here 2 large rocks.
c - 2 large rocks The human hits you!
You die...

▓▓ ▓▓▓ .#### ##.# #####
....#####..# #___#
.....#..#..#{ #__)#
##...#..#..###+#@###+##
###..##'#..#....p.....#
.##..###...'.⌠........#
##..####...#...######+#
##).###....#.⌠.#
#...##.....#...#
....#......#+###
..##.#.....# ..
####....#


You could see a human (berserk).

Vanquished Creatures
  A water elemental (D)
  Jessica (D)
  2 humans (D)
  2 oozes (D)
  A phantom (D)
  A rat (D)
8 creatures vanquished.

Vanquished Creatures (others)
  2 draconian scorchers (D)
  A yaktaur (D)
  6 hellions (D)
9 creatures vanquished.

Grand Total: 17 creatures vanquished

Notes
Turn   | Place    | Note
-------+----------+-------------------------------------------
     0 | D        | MikeHunt the Ogre Hunter began the quest for the Orb.
     0 | D        | Reached XP level 1. HP: 22/22 MP: 1/1
    43 | D        | Killed a yaktaur
    91 | D        | Killed a hellion
    91 | D        | Killed a hellion
    92 | D        | Killed a hellion
    92 | D        | Killed a hellion
   120 | D        | Killed a hellion
   121 | D        | Killed a hellion
   140 | D        | Reached skill level 5 in Throwing
   140 | D        | Reached XP level 2. HP: 33/33 MP: 2/2
   167 | D        | Noticed Jessica
   169 | D        | Killed Jessica
   169 | D        | Reached XP level 3. HP: 45/45 MP: 3/3
   197 | D        | Reached XP level 4. HP: 55/55 MP: 4/4
   225 | D        | Killed a white draconian scorcher
   233 | D        | Gained mutation: You have a pair of small antennae on your
                  | head. [potion of mutation]
   233 | D        | Gained mutation: Scrolls take you a little longer to read.
                  | [potion of mutation]
   233 | D        | Gained mutation: You are agile. (Dex +2) [potion of
                  | mutation]
   233 | D        | Gained mutation: You have sharp fingernails. [potion of
                  | mutation]
   238 | D        | Noticed a water elemental
   239 | D        | Killed a white draconian scorcher
   248 | D        | Killed a water elemental
   248 | D        | Reached XP level 5. HP: 14/67 MP: 5/5
   506 | D        | Found a hide-covered altar of Uskayaw.
   506 | D        | Found a roughly hewn altar of Beogh.
   506 | D        | Found an iron altar of Okawaru.
   506 | D        | Found a bloodstained altar of Trog.
   506 | D        | Found an ornate altar of the Wu Jian Council.
   506 | D        | Noticed a human
   506 | D        | Noticed a human
   523 | D        | Killed a human
   523 | D        | Reached skill level 5 in Dodging
   523 | D        | Reached XP level 6. HP: 30/75 MP: 6/6
   528 | D        | HP: 1/75 [human (15)]
   531 | D        | Slain by a human

Levels and vault maps discovered:
D:        dungeon_sprint_mu [sprint_mu_entry_cave, sprint_mu_temple_rooms,
          sprint_mu_d1_horrors, sprint_mu_d2_genie, sprint_mu_d3_branching,
          sprint_mu_orc_legion, sprint_mu_elf_gauntlet, sprint_mu_hive_nellie,
          sprint_mu_lair_fedhas, sprint_mu_vaults_butterflies,
          sprint_mu_slime_circle, sprint_mu_swamp_cave, sprint_mu_shoals_kraken,
          sprint_mu_blade_basic, sprint_mu_crypt_fortress,
          sprint_mu_tomb_spiral, sprint_mu_vestibule_basic,
          sprint_mu_gehenna_hellfire, sprint_mu_dis_giant,
          sprint_mu_tartarus_statrot, sprint_mu_cocytus_islands, sprint_mu_zot1]

Skill      XL: |  1  2  3  4  5 |
---------------+----------------+-----
Fighting       | 4 6 7 9 |  9.1
Throwing       | 5 6 7 9 |  9.6
Dodging        | 5 |  5.3
Stealth        | |  0.6

Action                   |  1- 3 |  4- 6 || total
-------------------------+-------+-------++-------
Melee: Short sword       |    21 |    17 ||    38
Throw: Large rock        |     8 |     8 ||    16
       Throwing net      |     1 |     2 ||     3
  Use: Potion            |       |     3 ||     3
 Stab: Sleeping          |     1 |       ||     1
       Held in net/web   |     1 |       ||     1
Armor: Robe              |     3 |     4 ||     7
Dodge: Dodged            |    14 |    16 ||    30

Table legend:
 A = Non-vault XP
 B = Vault XP
 C = Vault XP percentage of total XP
 D = Non-vault monster count
 E = Vault monster count
 F = Vault count percentage of total count
                 A         B        C        D         E       F
            +---------+---------+-------+---------+---------+-------
      Total |       0 |     365 | 100.0 |       0 |       8 | 100.0
            +---------+---------+-------+---------+---------+-------
          D |       0 |     365 | 100.0 |       0 |       8 | 100.0
            +---------+---------+-------+---------+---------+-------
